 Dungeon Crawl Stone Soup version 0.28-a0-909-g796cbd3a86 (webtiles) character file.

Game seed: 6240055650757263804

0 BinkBink the Ducker (level 1, -1/18 HPs)
             Began as a Human Monk on Nov 24, 2021.
             Slain by a gnoll (4 damage)
             ... on level 1 of the Dungeon.
             The game lasted 00:00:28 (101 turns).

BinkBink the Ducker (Human Monk)                     Turns: 101, Time: 00:00:28

Health: -1/18      AC:  2    Str: 11    XL:     1   Next: 11%
Magic:  1/1        EV: 13    Int: 10    God:
Gold:   1          SH:  0    Dex: 15    Spells: 0/0 levels left

rFire   . . .      SeeInvis .   a - +0 falchion
rCold   . . .      Faith    .   (no shield)
rNeg    . . .      Spirit   .   b - +0 robe
rPois   .          Reflect  .   (no helmet)
rElec   .          Harm     .   (no cloak)
rCorr   .          Rampage  .   (no gloves)
Will    .....                   (no boots)
Stlth   ++........              (no amulet)
HPRegen 0.06/turn               (no ring)
MPRegen 0.07/turn               (no ring)

@: no status effects
A: no striking features
a: no special abilities


You were on level 1 of the Dungeon.
You visited 1 branch of the dungeon, and saw 1 of its levels.

You collected 1 gold pieces.

Inventory:

Hand Weapons
 a - a +0 falchion (weapon)
Armour
 b - a +0 robe (worn)
Jewellery
 c - a ring of resist corrosion


   Skills:
 + Level 3.0 Fighting
 + Level 3.0 Long Blades
 + Level 3.0 Dodging
 - Level 2.0 Stealth


You couldn't memorise any spells.
You didn't know any spells.
Your spell library was empty.

Dungeon Overview and Level Annotations

Branches:
Dungeon (1/15)

Altars:


Message History

Welcome, BinkBink the Human Monk.
Will you be the one to retrieve the awesome Orb of Zot from the depths?
Press ? for a list of commands and other information.
Found a gold piece.
Found two stairs.
You now have 1 gold piece.
You open the door.
There is an open door here.
A bat comes into view.
A bat is nearby!
Found a glowing onyx ring.
The bat closely misses you.
You hit the bat but do no damage. The bat misses you.
Found a flail.
The bat hits you.
You hit the bat.
You kill the bat!
No target in view!
No target in view!
HP restored.
You see here a bat corpse.
c - a ring of resist corrosion A gnoll comes into view.
It is wielding a +0 flail.
A gnoll is nearby!
You see here 12 gold pieces.
The gnoll shouts!
You closely miss the gnoll. The gnoll barely misses you.
You closely miss the gnoll. The gnoll closely misses you.
You barely miss the gnoll. The gnoll hits you with a +0 flail.
You hit the gnoll.
The gnoll is moderately wounded.
The gnoll hits you with a +0 flail!
Ouch! That really hurt!
* * * LOW HITPOINT WARNING * * *
You are too injured to fight recklessly!
You are too injured to fight recklessly!
You are too injured to fight recklessly!
You see here 12 gold pieces.
You see here a bat corpse.
The gnoll closely misses you. The gnoll hits you with a +0 flail.
You die...

..........#.# #.#
#.......†.#.# #.#
#...........# #.#
#........#..####.#
#........#.....#.########
#........##..............
.........##....#.####....
################g# . #@#
#.# ######### #.#
#.......### #.#
+.>.>.>.+.# #.#
#.......#.# #.#
#########.######.#
#.......#......#.#
+...<...'.####.#.#


You could see a gnoll.

Vanquished Creatures
  A bat (D:1)
1 creature vanquished.

Notes
Turn   | Place    | Note
-------+----------+-------------------------------------------
     0 | D:1      | BinkBink the Human Monk began the quest for the Orb.
     0 | D:1      | Reached XP level 1. HP: 18/18 MP: 1/1
   101 | D:1      | Slain by a gnoll

Illustrated notes

Levels and vault maps discovered:
D:1:      minmay_arrival_up_and_down, layout_basic

Action                   || total
-------------------------++-------
Melee: Falchion          ||     6
Dodge: Dodged            ||     5

Table legend: (Time is in decaauts)
 A = Elapsed time spent in this place.
 B = Non-inter-level travel time spent in this place.
 C = Inter-level travel time spent in this place.
 D = Time resting spent in this place.
 E = Time spent auto-exploring this place.
 F = Levels seen in this place.
 G = Mean time per level.
                   A        B        C        D        E       F      G
               +--------+--------+--------+--------+--------+-----+--------+
         Total |    102 |    102 |      0 |      0 |     58 |   1 |  102.0 |
       Dungeon |    102 |    102 |      0 |      0 |     58 |   1 |  102.0 |
               +--------+--------+--------+--------+--------+-----+--------+

Top non-repeatable levels by time:
     D:1: 102 daAuts
